 Dungeon Crawl Stone Soup version 0.29.0-15-g675c0067aa (webtiles) character file.

Game seed: 6590367099133920816

4 qw the Sneak (level 1, -2/14 HPs)
             Began as a Gargoyle Delver on Sept 11, 2022.
             Slain by an orc wizard
             ... wielding a +0 dagger
              (4 damage)
             ... on level 5 of the Dungeon.
             The game lasted 00:00:04 (296 turns).

qw the Sneak (Gargoyle Delver)                       Turns: 296, Time: 00:00:05

Health: -2/14      AC:  5    Str: 15    XL:     1   Next: 70%
Magic:  1/1        EV: 11    Int: 10    God:
Gold:   13         SH:  0    Dex: 11    Spells: 0/0 levels left

rFire   . . .      SeeInvis .   a - +0 hand axe
rCold   . . .      Faith    .   (no shield)
rNeg    + . .      Spirit   .   b - +0 leather armour
rPois   inf        Reflect  .   (no helmet)
rElec   +          Harm     .   (no cloak)
rCorr   .          Rampage  .   (no gloves)
Will    .....                   (no boots)
Stlth   +.........              (no amulet)
HPRegen 0.04/turn               (no ring)
MPRegen 0.07/turn               (no ring)

@: confused
A: sickness immunity, AC +2, negative energy resistance 1, electricity
resistance, torment resistance 1, petrification resistance
a: no special abilities


You were on level 5 of the Dungeon.
You visited 1 branch of the dungeon, and saw 1 of its levels.

You collected 13 gold pieces.


Innate Abilities, Weirdness & Mutations

You are immune to sickness and miasma.
Your stone body is resilient. (AC +2)
You are immune to poison.
You resist negative energy. (rN+)
You are resistant to electric shocks. (rElec)
You are resistant to unholy torment.
You are immune to petrification.


   Skills:
 - Level 3.2 Fighting
 + Level 2.2 Axes
 - Level 1.5 Dodging
 - Level 5.4 Stealth


You couldn't memorise any spells.
You didn't know any spells.
Your spell library was empty.

Inventory:

Hand Weapons
 a - a +0 hand axe (weapon)
Armour
 b - a +0 leather armour (worn)
 h - a +0 ring mail
Wands
 g - a wand of digging (3)
Scrolls
 c - a scroll of fog
 d - a scroll of magic mapping
 e - a scroll of fear
 i - a scroll of silence {unknown}
Potions
 f - a potion of haste

Dungeon Overview and Level Annotations

Branches:
Dungeon (5/15)
 Temple: D:4-7

Altars:


Message History

The dart slug is severely wounded.
The dart slug misses you.
You hit the dart slug.
The dart slug is almost dead.
The dart slug bites you but does no damage.
You hit the dart slug.
You kill the dart slug!
You barely miss something. Something hits you. x2
You closely miss something. Something hits you but does no damage.
You closely miss something. Something hits you.
You closely miss something. Something hits you.
You completely miss something. Something hits you but does no damage.
You miss something.
Something hits you but does no damage. x2
You barely miss something. Something hits you but does no damage.
You hit something.
You hear some strange, mumbled words.
You are confused.
You're too confused to attack without stumbling around!
You start resting.
Something hits you but does no damage.
You're too confused to attack without stumbling around!
You start resting.
Something hits you but does no damage.
You're too confused to attack without stumbling around!
You start resting.
Something hits you.
You're too confused to attack without stumbling around!
There is a strange disturbance nearby!
Something hits you.
You're too confused to attack without stumbling around!
There is a strange disturbance nearby!
Something hits you.
You die...

#..#.#..# #
########.###...# #
........## ##..# #
########.###...# #
#..#.#..###
#########..........
#...............###
#)###############
#.@{......
#!.####.#. #..#
#..# #..# #... ##.#
#.#


There were no monsters in sight!

Vanquished Creatures
  A dart slug (D:5)
  An orc (D:5)
2 creatures vanquished.

Notes
Turn   | Place    | Note
-------+----------+-------------------------------------------
     0 | D:5      | qw the Gargoyle Delver began the quest for the Orb.
     0 | D:5      | Reached XP level 1. HP: 14/14 MP: 1/1
     0 | D:5      | 0 ||| qw: Version: 0.1-a-117-gfe26ee0
     0 | D:5      | 0 ||| qw: Game counter: 9924
     0 | D:5      | 0 ||| qw: Always use a shield: true
     0 | D:5      | 0 ||| qw: God list: Okawaru
     0 | D:5      | 0 ||| qw: Allow faded altars: false
     0 | D:5      | 0 ||| qw: Do Orc after D:15 true
     0 | D:5      | 0 ||| qw: Do second Lair branch before Depths: true
     0 | D:5      | 0 ||| qw: Lair rune preference: random
     0 | D:5      | 0 ||| qw: Plans: Normal
     0 | D:5      | 0 ||| PLANNING D:1-11
   175 | D:5      | 175 ||| Stepping ~*~*~tactically~*~*~ (stealth).
   180 | D:5      | 180 ||| Stepping ~*~*~tactically~*~*~ (stealth).
   277 | D:5      | Noticed an orc wizard
   287 | D:5      | HP: 3/14 [something (4)]
   294 | D:5      | HP: 2/14 [something (1)]
   296 | D:5      | Slain by an orc wizard

Levels and vault maps discovered:
D:5:      layout_loops_ring, uniq_sigmund

Skill      XL: |  1 |
---------------+----+-----
Axes           | 2 |  2.2
Fighting       | |  3.2
Dodging        | |  1.5
Stealth        | |  5.4

Action                   || total
-------------------------++-------
Melee: Hand axe          ||    10
Armor: Leather armour    ||     9
Dodge: Dodged            ||     3

Table legend:
 A = Non-vault XP
 B = Vault XP
 C = Vault XP percentage of total XP
 D = Non-vault monster count
 E = Vault monster count
 F = Vault count percentage of total count
                 A         B        C        D         E       F
            +---------+---------+-------+---------+---------+-------
      Total |       7 |       0 |   0.0 |       2 |       0 |   0.0
            +---------+---------+-------+---------+---------+-------
        D:5 |       7 |       0 |   0.0 |       2 |       0 |   0.0
            +---------+---------+-------+---------+---------+-------
